 Dungeon Crawl Stone Soup version 0.29.1-12-g30fa7ad0bf (webtiles) character file.

Game seed: 5813199594180900501

24220 stormannn the Grappler (level 12, 0/137 HPs)
             Began as a Troll Fighter on Dec 31, 2022.
             Was a Follower of Yredelemnul.
             Slain by a wyvern (13 damage)
             ... on level 3 of the Lair of Beasts.
             The game lasted 00:38:54 (12771 turns).

stormannn the Grappler (Troll Fighter)             Turns: 12771, Time: 00:38:54

Health: 0/137      AC: 11    Str: 41    XL:     12   Next: 78%
Magic:  9/9        EV:  8    Int:  4    God:    Yredelemnul [*.....]
Gold:   2278       SH:  6    Dex:  4    Spells: 11/11 levels left

rFire   + + .      SeeInvis +     - Unarmed
rCold   + + .      Faith    .   b - +0 kite shield
rNeg    . . .      Spirit   .   I - +1 acid dragon scales
rPois   .          Reflect  .   E - +0 hat
rElec   .          Harm     .   F - +0 cloak
rCorr   +          Rampage  .   (gloves unavailable)
Will    .....                   (boots unavailable)
Stlth   ..........              l - amulet of regeneration
HPRegen 1.92/turn               k - ring of Cext {+Blink rC+ Str+6 SInv}
MPRegen 0.11/turn               G - ring "Luateor" {rF++ rC+ Str+4 Dex-5 Stlth-}

@: mighty
A: large, unfitting armour, claws 3, regeneration 1, shaggy fur 1, tough skin 1,
low MP 1, mutation resistance 1
a: Renounce Religion, Evoke Blink, Recall Undead Harvest


You were on level 3 of the Lair of Beasts.
You worshipped Yredelemnul.
Yredelemnul was noncommittal.
You visited 3 branches of the dungeon, and saw 17 of its levels.
You also visited: Ossuary.

You collected 2278 gold pieces.

Inventory:

Missiles
 u - 2 throwing nets (quivered)
Armour
 b - a +0 kite shield (worn)
 i - an orb of wrath
 E - a +0 hat (worn)
 F - a +0 cloak (worn)
 I - +1 acid dragon scales (worn)
Jewellery
 k - the ring of Cext (left claw) {+Blink rC+ Str+6 SInv}
   (You acquired it on level 3 of the Dungeon)

   [ring of strength]

   Str:       It affects your strength (+6).
   rC:        It protects you from cold.
   SInv:      It lets you see invisible.
   +Blink:    It lets you blink.
 l - an amulet of regeneration (around neck)
 s - a ring of willpower
 A - a +6 ring of dexterity
 D - a +6 ring of strength
 G - the ring "Luateor" (right claw) {rF++ rC+ Str+4 Dex-5 Stlth-}
   (You found it on level 7 of the Dungeon)

   [ring of protection from cold]

   Str:       It affects your strength (+4).
   Dex:       It affects your dexterity (-5).
   rF:        It greatly protects you from fire.
   rC:        It protects you from cold.
   Stlth:     It makes you less stealthy.
 L - a ring of magical power
 N - a +6 ring of intelligence
 P - an amulet of magic regeneration
 Q - a ring of poison resistance
Wands
 o - a wand of paralysis (9)
 p - a wand of iceblast (18)
 v - a wand of mindburst (53)
 K - a wand of flame (6)
 M - a wand of acid (11)
Scrolls
 a - 2 scrolls of fear
 d - 7 scrolls of teleportation
 e - 2 scrolls of brand weapon
 r - a scroll of enchant weapon
 y - a scroll of silence
 B - a scroll of amnesia
 J - a scroll of enchant armour
 O - a scroll of magic mapping
Potions
 c - a potion of might
 f - 3 potions of berserk rage
 g - 7 potions of flight
 h - 2 potions of curing
 j - 4 potions of lignification
 m - 3 potions of brilliance
 n - a potion of heal wounds
 q - a potion of invisibility
 t - a potion of resistance
 w - 3 potions of attraction
 x - 3 potions of cancellation
 z - 3 potions of haste
 H - a potion of degeneration {unknown}


   Skills:
 * Level 13.6 Fighting
 - Level 4.0 Armour
 - Level 2.4 Dodging
 - Level 4.0 Shields
 * Level 13.8 Unarmed Combat


You had 11 spell levels left.
You didn't know any spells.
Your spell library contained the following spells:

 Spells                   Type           Power      Damage    Failure   Level
 Beastly Appendage        Tmut           0%         N/A       83%         1
 Foxfire                  Conj/Fire      0%         2x1d4     83%         1
 Wereblood                Tmut           0%         N/A       92%         2
 Conjure Flame            Conj/Fire      0%         6-21      99%         3
 Ignite Poison            Fire/Tmut/Pois 0%         N/A       99%         3
 Inner Flame              Hex/Fire       0%         N/A       99%         3
 Ozocubu's Armour         Ice            0%         N/A       99%         3
 Spider Form              Tmut/Pois      0%         N/A       99%         3
 Summon Guardian Golem    Hex/Summ       0%         N/A       99%         3
 Flame Wave               Conj/Fire      0%         2d4       100%        4
 Sticky Flame             Conj/Fire      0%         2d3       100%        4
 Metabolic Englaciation   Hex/Ice        0%         N/A       100%        5
 Orb of Destruction       Conj           0%         9d5       100%        7
 Spellforged Servitor     Conj/Summ      0%         N/A       100%        7
 Simulacrum               Ice/Necr       Unusable   N/A       N/A         6

Dungeon Overview and Level Annotations

Branches:
Dungeon (11/15)            Temple (0/1) D:7            Lair (4/5) D:11
 Shoals (0/4) Lair:2       Spider (0/4) Lair:2          Orc (2/2) D:10
Ossuary (visited)
  Slime: Lair:4-5       Elf: Orc:2

Altars:
Ashenzari
Cheibriados
Elyvilon
Gozag
Hepliaklqana
Kikubaaqudgha
Makhleb
Nemelex Xobeh
Qazlal
Ru
Sif Muna
Trog
Vehumet
Wu Jian
Yredelemnul

Shops:
D:1 :   D:3 [


Innate Abilities, Weirdness & Mutations

You are too large for most types of armour.
You have claws for hands.
Your natural rate of healing is unusually fast.
You are covered in fur. (AC +1)
You have tough skin. (AC +1)
Your magical capacity is low. (-10% MP)
You are somewhat resistant to further mutation.


Message History

You scratch the death yak.
The death yak is almost dead.
You feel sick. The wyvern bites you!
* * * LOW HITPOINT WARNING * * *
Your black mamba zombie barely misses the death yak.
The death yak attacks as you move away! The death yak gores you!
* * * LOW HITPOINT WARNING * * *
You feel sick.
The wyvern bites your black mamba zombie!
Your black mamba zombie bites the death yak.
The death yak gores your black mamba zombie!!
The wyvern bites your black mamba zombie!
You feel sick.
Your black mamba zombie bites the death yak.
The death yak dies!
The dead are walking!
Your black mamba zombie bites the wyvern!
You can now trade souls for undead servants.
You feel sick.
The wyvern bites your black mamba zombie!!
Your black mamba zombie is destroyed!
You can no longer trade souls for undead servants.
You claw the wyvern!
The wyvern is heavily wounded.
You block the wyvern's attack.
You closely miss the wyvern.
The wyvern is heavily wounded.
You feel sick. You block the wyvern's attack.
Your death yak zombie gores the wyvern.
You barely miss the wyvern.
The wyvern is heavily wounded.
You feel sick. You block the wyvern's attack. The wyvern bites you!
* * * LOW HITPOINT WARNING * * *
You feel better.
Your death yak zombie gores the wyvern!
The wyvern bites you!
* * * LOW HITPOINT WARNING * * *
You closely miss the wyvern.
The wyvern is severely wounded.
The wyvern bites you!
You die...
Your body rises from the dead as a mindless zombie.

#### ### ### ###
.#.########.############.###.####
.................................
##...####P.##...@..#..#####......
##...#####.##...l..########.....#
#....##....#.....Z..#....##.....P
.'...##.....#......#............P
P.....#...........>##....#.......
##....#....##.............#......
##.........>........#....##.....#
.#...######.P......P#....##.....#
.....###.##.P........##.#.#.....P


You could see a wyvern (ally target) and a friendly death yak zombie.

Vanquished Creatures
  Snorg (Lair:3)
  2 hydras
  2 orc high priests (Orc:1)
  A cyclops (D:11)
  2 orc sorcerers
  An ugly thing (D:11)
  A black mamba (Lair:3)
  A merfolk siren (Lair:2)
  A gargoyle (D:11)
  An orange demon (Lair:2)
  4 cane toads
  3 komodo dragons
  2 rime drakes (Lair:2)
  3 trolls
  6 polar bears
  Prince Ribbit (D:7)
  2 blink frogs (Lair:1)
  A vampire (D:11)
  A culicivora (Lair:2)
  3 yaks (D:10)
  7 wyverns
  A steam dragon (D:10)
  A warg (Orc:2)
  3 acid dragons
  4 water moccasins
  8 black bears
  10 orc warriors
  An ice beast (D:6)
  4 ogres
  A blink frog zombie (Lair:1)
  3 centaurs
  3 wolves (Lair:1)
  A kobold brigand (D:9)
  3 bullfrogs
  2 gnoll sergeants
  A necrophage (D:5)
  12 scorpions
  4 wights
  3 killer bees (D:9)
  7 howler monkeys
  3 centaur zombies (Ossuary)
  4 hounds
  3 human zombies (Ossuary)
  10 orc priests
  A gnoll bouda (D:9)
  5 jellies
  An iguana (D:7)
  5 scorpion zombies (Ossuary)
  8 orc wizards
  6 hell rats (Lair:3)
  3 mummies (Ossuary)
  14 gnolls
  6 adders
  2 shadow imps
  2 white imps
  5 worms
  4 dart slugs
  48 orcs
  6 ball pythons
  5 bats
  4 endoplasms
  2 giant cockroaches
  9 hobgoblins
  8 jackals
  8 kobolds
  2 quokkas
  15 frilled lizards
  2 gnoll zombies (Ossuary)
  5 goblins
  A hobgoblin zombie (Ossuary)
  2 kobold zombies (Ossuary)
  An orc zombie (Ossuary)
  7 rats
325 creatures vanquished.

Vanquished Creatures (collateral kills)
  A hydra (Lair:2)
  A catoblepas (Lair:3)
  A death yak (Lair:3)
  Amaemon (Lair:2)
  Maggie (D:7)
  4 blink frogs
  A culicivora (Lair:2)
  2 yaks (D:10)
  2 basilisks
  A water moccasin (Lair:2)
  3 black bears (Lair:2)
  A centaur (D:9)
  A bullfrog (Lair:2)
  A scorpion (D:7)
  A wight (D:9)
  A howler monkey (D:9)
  A jelly (D:8)
  An orc priest (D:9)
  An orc wizard (D:9)
  3 gnolls
  6 orcs
  4 kobolds (D:9)
39 creatures vanquished.

Vanquished Creatures (others)
  A culicivora zombie (Lair:2)
  A black mamba zombie (Lair:3)
  A blink frog zombie (Lair:1)
  A human (D:5)
  A komodo dragon zombie (Lair:2)
  2 water moccasin zombies (Lair:3)
  2 wights (D:9)
  A yak zombie (D:10)
  2 polar bear zombies
  2 troll zombies
  2 bullfrog zombies (Lair:2)
  2 black bear zombies (Lair:2)
  A killer bee zombie (D:9)
  An acid dragon zombie (D:10)
  2 hell rat zombies (Lair:3)
  2 howler monkey zombies (D:10)
  An orc (Orc:1)
  A gnoll zombie (D:9)
  A kobold zombie (D:9)
  16 orc zombies
  12 fungi
  25 plants
80 creatures vanquished.

Grand Total: 444 creatures vanquished

Notes
Turn   | Place    | Note
-------+----------+-------------------------------------------
     0 | D:1      | stormannn the Troll Fighter began the quest for the Orb.
     0 | D:1      | Reached XP level 1. HP: 22/22 MP: 0/0
   125 | D:1      | Reached XP level 2. HP: 29/29 MP: 1/1
   250 | D:1      | Found Tuydoyrru's Book Shoppe.
   303 | D:1      | Found a faded altar of an unknown god.
   361 | D:1      | Reached XP level 3. HP: 35/37 MP: 2/2
  1235 | D:2      | Reached XP level 4. HP: 46/46 MP: 3/3
  1595 | D:3      | Found Loklol's Antique Armour Shoppe.
  1623 | D:2      | Identified a scroll of acquirement
  1624 | D:2      | Acquired 1191 gold pieces
  1831 | D:3      | Acquired the ring of Cext {+Blink rC+ Str+6 SInv}
  2263 | D:3      | Identified the +7 short sword "Ystubb" {vorpal, rN+ Str-4
                  | Int+2 Dex+3}
  2464 | D:4      | Noticed an ogre
  2472 | D:4      | Killed an ogre
  2473 | D:4      | Reached XP level 5. HP: 27/55 MP: 4/4
  2527 | D:4      | Found a snail-covered altar of Cheibriados.
  3164 | D:4      | Reached XP level 6. HP: 65/65 MP: 5/5
  3486 | D:5      | Entered Level 5 of the Dungeon
  3531 | D:5      | Reached skill level 5 in Fighting
  3764 | D:5      | Reached XP level 7. HP: 72/72 MP: 6/6
  3784 | D:5      | Found an ancient bone altar of Kikubaaqudgha.
  3784 | D:5      | Noticed a human
  3787 | D:5      | Killed a human
  3984 | D:5      | You fall into a shaft and drop 1 floor!
  3996 | D:6      | Reached skill level 5 in Unarmed Combat
  4154 | D:6      | Found a sparkling altar of Nemelex Xobeh.
  4196 | D:6      | Found a shimmering blue altar of Sif Muna.
  4213 | D:6      | Reached XP level 8. HP: 75/84 MP: 7/7
  4375 | D:6      | Found a basalt altar of Yredelemnul.
  4423 | D:6      | Found a sand-covered staircase.
  4428 | Ossuary  | Entered an ossuary
  4764 | Ossuary  | Reached XP level 9. HP: 97/97 MP: 8/8
  4889 | D:6      | Became a worshipper of Yredelemnul the Dark
  4973 | D:6      | Reached * piety under Yredelemnul
  5151 | D:6      | Found a hazy altar of Hepliaklqana.
  5252 | D:7      | Found a broken altar of Ashenzari.
  5410 | D:7      | Identified the ring "Luateor" {rF++ rC+ Str+4 Dex-5 Stlth-}
  5454 | D:7      | Reached ** piety under Yredelemnul
  5482 | D:7      | Found a staircase to the Ecumenical Temple.
  5507 | D:7      | Noticed Prince Ribbit
  5510 | D:7      | Noticed Maggie
  5521 | D:7      | Killed Prince Ribbit
  5523 | D:7      | Reached *** piety under Yredelemnul
  5528 | D:7      | Killed Maggie
  5879 | D:7      | Reached skill level 10 in Fighting
  5952 | D:7      | Found a stormy altar of Qazlal.
  5952 | D:7      | Found an ornate altar of the Wu Jian Council.
  6281 | D:8      | Found an opulent altar of Gozag.
  6390 | D:8      | Found a burning altar of Makhleb.
  6885 | D:9      | Noticed a troll
  6893 | D:9      | Killed a troll
  6894 | D:9      | Reached XP level 10. HP: 106/111 MP: 9/9
  7201 | D:9      | Reached skill level 1 in Armour
  7281 | D:9      | Found a bloodstained altar of Trog.
  7286 | D:9      | Found a sacrificial altar of Ru.
  7543 | D:9      | Found a white marble altar of Elyvilon.
  7558 | D:9      | Reached **** piety under Yredelemnul
  7613 | D:9      | Found a radiant altar of Vehumet.
  7883 | D:9      | Reached ***** piety under Yredelemnul
  8035 | D:10     | Entered Level 10 of the Dungeon
  8602 | D:10     | Found a staircase to the Orcish Mines.
  9008 | Orc:1    | Entered Level 1 of the Orcish Mines
  9013 | Orc:1    | Noticed an orc high priest
  9014 | Orc:1    | Noticed an orc sorcerer
  9024 | Orc:1    | Paralysed by an orc sorcerer for 5 turns
  9029 | Orc:1    | Noticed an orange demon
  9034 | D:10     | Killed an orc sorcerer
  9035 | D:10     | Reached skill level 10 in Unarmed Combat
  9079 | Orc:1    | Killed an orc high priest
  9080 | Orc:1    | Reached XP level 11. HP: 115/120 MP: 10/10
  9153 | Orc:1    | Noticed an orc sorcerer
  9158 | Orc:1    | Noticed an orc high priest
  9173 | Orc:1    | Killed an orc sorcerer
  9192 | Orc:1    | Killed an orc high priest
  9316 | Orc:2    | Entered Level 2 of the Orcish Mines
  9342 | Orc:2    | Noticed an orc knight
  9550 | D:11     | Noticed a purple ugly thing
  9553 | D:11     | Killed a purple ugly thing
  9880 | D:11     | Found a staircase to the Lair.
 10107 | Lair:1   | Entered Level 1 of the Lair of Beasts
 10414 | Lair:1   | Noticed a seven-headed hydra
 10420 | Lair:1   | Killed a seven-headed hydra
 10909 | Lair:2   | Found a hole to the Spider Nest.
 10968 | Lair:2   | Reached XP level 12. HP: 126/133 MP: 11/11
 10994 | Lair:2   | Noticed Amaemon
 11006 | Lair:2   | Killed Amaemon
 11331 | Lair:2   | Noticed a seven-headed hydra
 11344 | Lair:2   | Killed a seven-headed hydra
 11607 | Lair:2   | Found a staircase to the Shoals.
 12036 | Lair:3   | Noticed Snorg
 12048 | Lair:3   | Killed Snorg
 12328 | Lair:3   | Noticed a catoblepas
 12330 | Lair:3   | Noticed a four-headed hydra
 12341 | Lair:3   | Killed a catoblepas
 12353 | Lair:3   | Your ally Snorg died
 12358 | Lair:3   | Killed a five-headed hydra
 12720 | Lair:3   | Gained mutation: Your magical capacity is low. (-10% MP)
                  | [potion of mutation]
 12720 | Lair:3   | Gained mutation: You are somewhat resistant to further
                  | mutation. [potion of mutation]
 12723 | Lair:4   | Noticed a death yak
 12724 | Lair:4   | Noticed a death yak
 12727 | Lair:4   | Noticed a death yak
 12728 | Lair:4   | Noticed a death yak
 12729 | Lair:4   | Noticed a death yak
 12751 | Lair:4   | Noticed a death yak
 12765 | Lair:3   | Killed a death yak
 12771 | Lair:3   | Slain by a wyvern

Illustrated notes

Levels and vault maps discovered:
D:1:      dpeg_arrival_arbitrary_a, layout_basic,
          dreamdust_ecumenical_altar_hidden_monk_grotto, serial_shops,
          nicolae_shop_stone, hex_large
D:2:      layout_rooms, minmay_lizard_king
D:3:      layout_basic, serial_shops, nicolae_diamond_shop,
          serial_bayou_crossing
D:4:      layout_layer_cave, kennysheep_slug_shrine
D:5:      layout_loops_cross, tgw_kikubaaqudgha
D:6:      layout_gridville, mainiacjoe_overflow_concentric_impassable,
          nzn_hepliaklqana_mist_gate, kennysheep_mini_moat,
          mainiacjoe_overflow_brackets, enter_ossuary_5
D:7:      layout_basic, gammafunk_temple_overflow_elements, ashenzari_altar_1,
          temple_doors_e, grunt_decor_arrowhead, uniq_maggie,
          uniq_prince_ribbit1
D:8:      layout_gridville, nicolae_gozag_seed_capital, bloody_makhleb,
          serial_glass, glass_columns_b, glass_columns_a
D:9:      layout_layer_cave, fiery_altar_vehumet, elyvilon_altar_5,
          mainiacjoe_overflow_big_doors
D:10:     layout_loops_ring, minmay_orc_entry_temple_small,
          chequers_serial_rivers_large_b, roderic_lattice_a,
          kennysheep_pointless_box
D:11:     layout_roguey, lair_entry_dummy
Lair:1:   layout_regular_city
Lair:2:   beast_lair_carwin_large_4, layout_cellular_growth,
          minmay_shoals_entry_lonely_mermaid,
          hellmonk_spider_entry_life_and_decay, uniq_amaemon
Lair:3:   layout_regular_city, uniq_snorg
Lair:4:   layout_loops_ring, grunt_megastairs_2
Orc:1:    layout_diamond_mine
Orc:2:    grunt_orc_cross, layout_caves

Skill      XL: |  1  2  3  4  5  6  7  8  9 10 11 12 |
---------------+-------------------------------------+-----
Fighting       | 3 4 5 6 8 10 11 12 13 | 13.6
Unarmed Combat | 3 4 5 7 8 10 12 13 | 13.8
Shields        | 4 |  4.0
Armour         | 2 4 |  4.0
Dodging        | |  2.4

Action                   |  1- 3 |  4- 6 |  7- 9 | 10-12 || total
-------------------------+-------+-------+-------+-------++-------
Melee: Unarmed           |   122 |   146 |   261 |   415 ||   944
Evoke: Wand              |       |     1 |       |     7 ||     8
  Use: Scroll            |       |    15 |     9 |     6 ||    30
       Potion            |       |       |     4 |    10 ||    14
 Stab: Sleeping          |       |     2 |       |       ||     2
       Distracted        |       |       |       |     2 ||     2
       Invisible         |       |       |       |     5 ||     5
Armor: Robe              |    39 |    38 |    53 |       ||   130
       Acid dragon scale |       |       |    10 |   147 ||   157
Dodge: Dodged            |    58 |    48 |    84 |   156 ||   346
Block: Kite shield       |     7 |    23 |    96 |   156 ||   282
